 Dungeon Crawl Stone Soup version 0.32-a0-898-g7811c86cf0 (webtiles) character file.

Game seed: 1518646063991968103

1869 Biggs the Skirmisher (level 9, -1/68 HPs)
             Began as a Coglin Hunter on Apr 4, 2024.
             Was a Believer of Okawaru.
             Slain by an orc wizard
             ... wielding a +0 dagger of speed
              (4 damage)
             ... on level 6 of the Dungeon.
             The game lasted 00:05:21 (3660 turns).

Biggs the Skirmisher (Coglin Hunter)                Turns: 3660, Time: 00:05:21

Health: -1/68      AC:  5    Str: 11    XL:     9   Next: 13%
Magic:  9/9        EV: 14    Int:  8    God:    Okawaru [**....]
Gold:   314        SH:  0    Dex: 23    Spells: 8/8 levels left

rFire   . . .        a - +2 sling {Hisae}
rCold   . . .        d - +0 sling {Zayda}
rNeg    . . .        c - +0 leather armour
rPois   .            (no helmet)
rElec   .            (no cloak)
rCorr   .            l - +0 pair of gloves
SInv    .            f - +0 pair of boots
Will    .....        (amulet unavailable)
Stlth   ++           (ring unavailable)
HPRegen 0.31/turn    (ring unavailable)
MPRegen 0.11/turn    (no gizmo)

%: no passive effects
@: revving
A: off-hand wielding, slow wielding, warmup strikes, no jewellery
a: Invent Gizmo, Renounce Religion, Heroism


You were on level 6 of the Dungeon.
You worshipped Okawaru.
Okawaru was pleased with you.
You visited 1 branch of the dungeon, and saw 6 of its levels.

You collected 314 gold pieces.

Inventory:

Hand Weapons
 a - a +2 sling (weapon) {Hisae}
 d - a +0 sling (offhand) {Zayda}
Missiles
 w - a throwing net
Armour
 c - a +0 leather armour (worn)
 f - a +0 pair of boots (worn)
 l - a +0 pair of gloves (worn)
Scrolls
 b - 2 scrolls of butterflies
 e - a scroll of poison {unknown}
 h - a scroll of fog {unknown}
 k - 3 scrolls of identify {unknown}
 o - a scroll of immolation {unknown}
 r - a scroll of brand weapon {unknown}
 s - a scroll of acquirement {unknown}
 t - a scroll of enchant weapon {unknown}
Potions
 g - a potion of curing
 i - 2 potions of heal wounds
 j - 2 potions of enlightenment {unknown}
 m - a potion of attraction {unknown}
 n - 2 potions of degeneration {unknown}
 p - a potion of might {unknown}
 q - a potion of brilliance {unknown}
 u - a potion of magic {unknown}
 v - a potion of berserk rage {unknown}


   Skills:
 - Level 5.0 Fighting
 - Level 9.0 Ranged Weapons
 + Level 5.5 Dodging
 - Level 0.7 Stealth


You had 8 spell levels left.
You didn't know any spells.
Your spell library contained the following spells:

 Spells                   Type           Power      Damage    Failure   Level
 Lesser Beckoning         Tloc           0%         N/A       65%         2
 Maxwell's Portable Pile  Tloc           0%         2d(5-13)  86%         3
 Passwall                 Erth           0%         N/A       86%         3
 Teleport Other           Tloc           0%         N/A       86%         3
 Volatile Blastmotes      Fire/Tloc      0%         2d10      86%         3
 Vhi's Electric Charge    Tloc/Air       0%         N/A       99%         4
 Bombard                  Conj/Erth      0%         9d1       100%        6


Dungeon Overview and Level Annotations

Branches:
Dungeon (6/15)             Temple (0/1) D:6

Altars:
Okawaru
Ru

Shops:
D:1 (   D:2 [

Annotations:
D:6 3 runed translucent doors


Innate Abilities, Weirdness & Mutations

You can wield a second weapon in your off-hand.
It takes a long time for you to wield or remove held weapons.
Your first few attacks do less damage.
You cannot equip rings or amulets.


Message History

Unknown command.
No target in view!
Unknown command.
No target in view!
Unknown command.
No target in view!
Something hits you. x2
Something hits you.
You shoot a sling bullet. x2; Something hits you. x2
You shoot a sling bullet. x2
You hear some strange, mumbled words.
You are confused.
Something hits you but does no damage.
You're too confused to move!
Something hits you but does no damage.
You hear some strange, mumbled words.
A magic dart appears from out of thin air!
The magic dart hits you! Something hits you.
* * * LOW HITPOINT WARNING * * *
Something hits you.
* * * LOW HITPOINT WARNING * * *
You're too confused to move!
Something hits you.
* * * LOW HITPOINT WARNING * * *
Something hits you.
* * * LOW HITPOINT WARNING * * *
You closely miss something with your +2 sling.
You barely miss something with your +0 sling.
Something hits you.
* * * LOW HITPOINT WARNING * * *
Something hits you.
* * * LOW HITPOINT WARNING * * *
You clumsily bash something but do no damage.
You miss something with your +2 sling.
You feel less confused.
You hear some strange, mumbled words.
A puff of flame appears from out of thin air!
The puff of flame hits you!
* * * LOW HITPOINT WARNING * * *
Something hits you.
You die...

....# ####### ....# ......)#
....# ....)..# ....# .......#
##### .....# ...# #####)###
#....{..# #.....@.# ... ###
#.=.....###.####.
..#############...........
.............##.........#
...÷....####.##.........#
#....##.#.##..#.........#
#..>.##.#.##....#.....####.###
.............................
.⌠.⌠.⌠..#....#..#####.####.###


There were no monsters in sight!

Vanquished Creatures
  Grinder (D:5)
  Duvessa (D:5)
  A water moccasin (D:5)
  An orc warrior (D:6)
  A black bear (D:2)
  2 ogres (D:5)
  An ice beast (D:5)
  A sky beast (D:6)
  A centaur (D:5)
  Blork the orc (D:5)
  3 scorpions
  Dowan (D:5)
  6 bombardier beetles
  3 hounds
  2 jellies (D:5)
  2 orc priests
  An iguana (D:5)
  2 orc wizards (D:4)
  An adder (D:5)
  2 ufetubi (D:5)
  2 dart slugs
  3 ribbon worms
  9 orcs
  10 ball pythons
  9 endoplasms
  2 giant cockroaches
  2 goblins
  7 hobgoblins
  A jackal (D:5)
  A quokka (D:4)
  6 bats
  4 frilled lizards
  4 kobolds
  3 rats (D:1)
97 creatures vanquished.

Notes
Turn   | Place    | Note
-------+----------+-------------------------------------------
     0 | D:1      | Biggs the Coglin Hunter began the quest for the Orb.
     0 | D:1      | Reached XP level 1. HP: 16/16 MP: 1/1
   119 | D:1      | Reached skill level 4 in Ranged Weapons
   119 | D:1      | Reached XP level 2. HP: 20/22 MP: 2/2
   162 | D:1      | Found Angyurpho's Antique Weapon Boutique.
   455 | D:1      | Reached XP level 3. HP: 27/27 MP: 3/3
   932 | D:2      | Found Nourot's Armour Boutique.
  1196 | D:2      | Noticed a black bear
  1203 | D:2      | Killed a black bear
  1204 | D:2      | Reached skill level 5 in Ranged Weapons
  1204 | D:2      | Reached XP level 4. HP: 29/33 MP: 4/4
  1204 | D:2      | Reached XP level 5. HP: 34/38 MP: 5/5
  1370 | D:3      | Reached skill level 6 in Ranged Weapons
  1381 | D:3      | You fall into a shaft and drop 1 floor!
  1735 | D:4      | Reached XP level 6. HP: 44/44 MP: 6/6
  1777 | D:4      | Reached skill level 7 in Ranged Weapons
  1961 | D:4      | Found an iron altar of Okawaru.
  1979 | D:4      | Became a worshipper of Warmaster Okawaru
  2072 | D:5      | Entered Level 5 of the Dungeon
  2072 | D:5      | Noticed a water moccasin
  2079 | D:5      | Killed a water moccasin
  2080 | D:5      | Reached XP level 7. HP: 4/50 MP: 7/7
  2338 | D:5      | Reached skill level 8 in Ranged Weapons
  2412 | D:5      | Found a sacrificial altar of Ru.
  2453 | D:5      | Noticed Blork the orc
  2461 | D:5      | Killed Blork the orc
  2529 | D:5      | Reached * piety under Okawaru
  2686 | D:5      | Noticed Dowan
  2688 | D:5      | Noticed Duvessa
  2713 | D:5      | Killed Duvessa
  2714 | D:5      | Reached skill level 9 in Ranged Weapons
  2714 | D:5      | Reached XP level 8. HP: 12/56 MP: 8/8
  2716 | D:5      | Killed Dowan
  3060 | D:5      | Noticed Grinder
  3067 | D:5      | Killed Grinder
  3067 | D:5      | Reached ** piety under Okawaru
  3068 | D:5      | Reached skill level 5 in Fighting
  3374 | D:6      | Found a staircase to the Ecumenical Temple.
  3415 | D:6      | Reached XP level 9. HP: 68/68 MP: 9/9
  3446 | D:6      | Found a runed translucent gate.
  3446 | D:6      | Found a runed translucent gate.
  3451 | D:6      | Found a runed translucent gate.
  3474 | D:6      | Noticed a rust devil
  3475 | D:6      | Noticed a rust devil
  3563 | D:6      | Reached skill level 5 in Dodging
  3660 | D:6      | HP: 3/68 [something/puff of flame (8)]
  3660 | D:6      | Slain by an orc wizard

Illustrated notes

Levels and vault maps discovered:
D:1:      ncdulo_lavacross, layout_basic, serial_shops, shop_fountains,
          minmay_indecisive_spiral
D:2:      layout_basic, serial_shops, shop, minivault_14
D:3:      layout_loops_cross, minmay_goblin_outpost, uniq_crazy_yiuf_cottage,
          uniq_natasha, uniq_terence
D:4:      nicolae_cairo_tiling_large_dashed, layout_gridville,
          okawaru_gym_becter, kennysheep_generic_room_9
D:5:      layout_cave_pods, nicolae_ru_great_annihilating_truth,
          uniq_blork_the_orc, uniq_duvessa, uniq_grinder
D:6:      cheibrodos_iron_armory, layout_basic, kennysheep_mini_moat,
          minmay_temple_entry_drinking_statues, serial_bayou_pond_d,
          nicolae_the_louvre

Skill      XL: |  1  2  3  4  5  6  7  8  9 |
---------------+----------------------------+-----
Ranged Weapons | 4 5 6 7 9 |  9.0
Fighting       | 5 |  5.0
Dodging        | 4 5 |  5.5
Stealth        | |  0.7

Action                     |  1- 3 |  4- 6 |  7- 9 || total
---------------------------+-------+-------+-------++-------
  Melee: Sling             |       |       |     4 ||     4
   Fire: Sling             |   170 |   140 |   326 ||   636
    Use: Potion            |       |       |     4 ||     4
 Armour: Leather armour    |    15 |    21 |    54 ||    90
  Dodge: Dodged            |    23 |     5 |    25 ||    53

Table legend: (Time is in decaauts)
 A = Elapsed time spent in this place.
 B = Non-inter-level travel time spent in this place.
 C = Inter-level travel time spent in this place.
 D = Time resting spent in this place.
 E = Time spent auto-exploring this place.
 F = Levels seen in this place.
 G = Mean time per level.
                   A        B        C        D        E       F      G
               +--------+--------+--------+--------+--------+-----+--------+
         Total |   3687 |   3608 |     79 |      0 |   3013 |   6 |  614.5 |
       Dungeon |   3687 |   3608 |     79 |      0 |   3013 |   6 |  614.5 |
               +--------+--------+--------+--------+--------+-----+--------+

Top non-repeatable levels by time:
     D:5: 1290 daAuts
     D:2: 845 daAuts
     D:4: 696 daAuts
     D:1: 527 daAuts
     D:6: 299 daAuts
     D:3: 29 daAuts
